 Dungeon Crawl Stone Soup version 0.29.1-13-g9f3cf754e1 (webtiles) character file.

Game seed: 13640755387649977127

23830 theswoord the Frost Mage (level 13, -8/124 HPs)
             Began as a Naga Ice Elementalist on Feb 4, 2023.
             Was a High Priest of Cheibriados.
             Killed from afar by a frost giant (26 damage)
             ... with a bolt of cold
             ... in an ice cave.
             The game lasted 00:41:58 (13861 turns).

theswoord the Frost Mage (Naga Ice Elementalist)   Turns: 13861, Time: 00:41:58

Health: -8/124     AC: 11    Str: 24    XL:     13   Next: 9%
Magic:  27/27      EV: 10    Int: 40    God:    Cheibriados [*****.]
Gold:   444        SH:  0    Dex: 26    Spells: 10/32 levels left

rFire   + + .      SeeInvis +   j - staff of cold
rCold   + . .      Faith    .   (no shield)
rNeg    + . .      Spirit   .   m - +0 troll leather armour
rPois   +          Reflect  .   b - +0 helmet
rElec   +          Harm     .   D - +2 ratskin cloak {*Rats rPois rN+ Str-1 Int-1 Dex+1}
rCorr   +          Rampage  .   e - +0 pair of gloves of Wegysaot {rPois rCorr Int+4}
Will    +....                   (no barding)
Stlth   +++.......              w - amulet of magic regeneration
HPRegen 1.10/turn               C - +6 ring of intelligence
MPRegen 0.60/turn               u - ring "Ulat" {Wiz rElec rF++ Dex+4}

@: mighty, on berserk cooldown, slowed, invisible, very slow
A: AC +4, large, see invisible, deformed body, poison resistance, slowness 2,
spit poison 1, naga tail 2, clumsy 1
a: Spit Poison, Renounce Religion, Bend Time, Temporal Distortion, Slouch, Step
From Time


You were in an ice cave.
You worshipped Cheibriados.
Cheibriados was extremely pleased with you.
You visited 3 branches of the dungeon, and saw 13 of its levels.
You also visited: Sewer and Ice Cave.

You collected 784 gold pieces.
You spent 340 gold pieces at shops.

Inventory:

Hand Weapons
 d - a +0 vorpal dagger
 h - a +4 halberd of protection
 z - the +9 war axe "Pequuklo" {vamp, rElec Int+2 SInv}
   (You found it on level 8 of the Dungeon)

   It occasionally heals its wielder for a portion of the damage dealt when it
   wounds a living foe.
   Int:       It affects your intelligence (+2).
   rElec:     It insulates you from electricity.
   SInv:      It lets you see invisible.
 A - a +0 dagger
Armour
 a - a +0 robe
 b - a +0 helmet (worn)
 c - a +1 pair of gloves
 e - the +0 pair of gloves of Wegysaot (worn) {rPois rCorr Int+4}
   (You found it on level 10 of the Dungeon)

   Int:       It affects your intelligence (+4).
   rPois:     It protects you from poison.
   rCorr:     It protects you from acid and corrosion.
 m - a +0 troll leather armour (worn)
 D - the +2 ratskin cloak (worn) {*Rats rPois rN+ Str-1 Int-1 Dex+1}
   (You found it on level 5 of the Dungeon)

   When the wearer is hurt, rats may emerge from it to assist them.
   Str:       It affects your strength (-1).
   Int:       It affects your intelligence (-1).
   Dex:       It affects your dexterity (+1).
   rPois:     It protects you from poison.
   rN:        It protects you from negative energy.
 K - the +1 leather armour "Efosetia" {Fly Dex+4}
   (You found it on level 9 of the Dungeon)

   Dex:       It affects your dexterity (+4).
   Fly:       It grants you flight.
Magical Staves
 j - a staff of cold (weapon)
Jewellery
 p - the amulet of Zesurph {Faith rPois Str+3}
   (You found it on level 10 of the Dungeon)

   [amulet of faith]

   It allows you to gain divine favour quickly.
   Str:       It affects your strength (+3).
   rPois:     It protects you from poison.
 u - the ring "Ulat" (right hand) {Wiz rElec rF++ Dex+4}
   (You took it off a centaur warrior on level 10 of the Dungeon)

   [ring of wizardry]

   It improves your spell success rate.
   Dex:       It affects your dexterity (+4).
   rF:        It greatly protects you from fire.
   rElec:     It insulates you from electricity.
 w - an amulet of magic regeneration (around neck)
 C - a +6 ring of intelligence (left hand)
Wands
 G - a wand of light (4)
Scrolls
 g - a scroll of immolation
 x - a scroll of enchant armour
 y - 3 scrolls of amnesia
 E - a scroll of identify
Potions
 i - 2 potions of brilliance
 k - 3 potions of curing
 n - a potion of berserk rage
 o - a potion of lignification {unknown}
 q - 3 potions of resistance
 r - a potion of degeneration
 t - 2 potions of haste
 v - 4 potions of magic
 B - 2 potions of ambrosia
 F - 2 potions of flight
 J - a potion of cancellation {unknown}


   Skills:
 + Level 10.4 Fighting
 - Level 1.5 Dodging
 - Level 3.0 Stealth
 + Level 10.4 Spellcasting
 + Level 5.3 Conjurations
 + Level 12.4 Ice Magic
 - Level 9.6 Invocations


You had 10 spell levels left.
You knew the following spells:

 Your Spells              Type           Power      Damage    Failure   Level
a - Freeze                Ice            100%       1d11      0%          1
b - Frozen Ramparts       Ice            100%       1d16      1%          3
c - Ozocubu's Armour      Ice            100%       N/A       1%          3
d - Hailstorm             Conj/Ice       95%        3d19      1%          4
e - Metabolic Englaciati  Hex/Ice        41%        N/A       1%          5
f - Simulacrum            Ice/Necr       41%        N/A       9%          6

Your spell library contained the following spells:

 Spells                   Type           Power      Damage    Failure   Level
 Magic Dart               Conj           100%       1d8       1%          1
 Ensorcelled Hibernation  Hex/Ice        100%       N/A       1%          2
 Passwall                 Tmut/Erth      16%        N/A       1%          2
 Searing Ray              Conj           100%       2d8       1%          2
 Stone Arrow              Conj/Erth      84%        3d12      1%          3
 Gell's Gravitas          Tloc           20%        N/A       2%          3
 Swiftness                Air            20%        N/A       2%          3
 Teleport Other           Tloc           20%        N/A       2%          3
 Fulminant Prism          Conj/Hex       21%        3d13      2%          4
 Animate Armour           Summ/Erth      40%        N/A       8%          4
 Dispersal                Tloc           10%        N/A       71%         6
 Lehudib's Crystal Spear  Conj/Erth      21%        10d6      100%        8


Dungeon Overview and Level Annotations

Branches:
Dungeon (11/15)            Temple (0/1) D:4            Lair (1/5) D:11
    Orc (1/2) D:9           Sewer (visited)           IceCv (1/1)

Altars:
Ashenzari
Cheibriados
Gozag
Makhleb
Ru
Trog
Uskayaw
Vehumet
Wu Jian
Xom
Yredelemnul
Zin
The Shining One

Shops:
D:4 =:   D:5 *   D:6 :   D:10 [=(?   D:11 *

Annotations:
D:11 exclusion: 2 oklob plants, Fannar IceCv exclusion: ice statue


Innate Abilities, Weirdness & Mutations

Your serpentine skin is tough. (AC +4)
You have supernaturally acute eyesight. (SInv)
Armour fits poorly on your strangely shaped body.
Your system is resistant to poisons. (rPois)
You cover ground very slowly.
You can spit poison.
You can use your snake-like lower body to constrict enemies.
You are clumsy. (Dex -2)


Message History

The frost giant gestures at you while chanting.
The bolt of cold misses you.
Your hell rat bites the frost giant!
Your hell rat drains the frost giant.
Unknown command.
You catch the helpless frost giant completely off-guard!
You hit the frost giant.
The frost giant is moderately wounded.
The frost giant hits you with a +2 battleaxe of freezing!
* * * LOW HITPOINT WARNING * * *
The frost giant freezes you.
* * * LOW HITPOINT WARNING * * *
The frost giant hits your hell rat with a +2 battleaxe of freezing!!
The frost giant freezes your hell rat!
Your hell rat dies!
The frost giant closely misses you.
You hit the frost giant but do no damage.
The frost giant is moderately wounded.
The frost giant hits you with a +2 battleaxe of freezing!!
* * * LOW HITPOINT WARNING * * *
The frost giant freezes you.
* * * LOW HITPOINT WARNING * * *
Unknown command.
You hit the frost giant. You freeze the frost giant.
The frost giant is moderately wounded.
You are no longer berserk.
You are exhausted.
You feel yourself slow down. The frost giant closely misses you.
You hit the frost giant!
The frost giant is heavily wounded.
The frost giant hits you with a +2 battleaxe of freezing!
* * * LOW HITPOINT WARNING * * *
The frost giant freezes you.
* * * LOW HITPOINT WARNING * * *
The frost giant hits you but does no damage.
You feel better. The frost giant closely misses you.
You hit the frost giant! You freeze the frost giant.
The frost giant is heavily wounded.
The frost giant gestures at you while chanting.
The bolt of cold hits you!! You resist.
You die...

# #≈≈≈# #≈≈≈≈#
#≈≈≈##
###########≈≈≈
.........##.#
..........##
###....†..##
##$$....#...#
#:.@C.$.#...#
##)}.[.##...#
. ##[)###...##
....####...###
...C..†...##
......†####
#######


You could see a frost giant (drained).

Vanquished Creatures
  2 orc warlords (Orc:1)
  A yaktaur captain (D:10)
  A boulder beetle (D:10)
  Erolcha (D:11)
  A centaur warrior (D:10)
  3 death yaks (IceCv)
  A deep elf knight (D:10)
  A manticore (D:11)
  Joseph (D:7)
  A gargoyle (D:7)
  5 rime drakes
  A kobold demonologist (D:11)
  2 trolls
  3 polar bears (IceCv)
  A slime creature (D:7)
  A wraith (D:11)
  A vampire (D:10)
  A shadow (D:7)
  25 yaks
  2 water moccasins
  An acid dragon (D:9)
  A warg (Orc:1)
  Duvessa (D:5)
  15 orc warriors
  A hornet zombie (D:8)
  3 ice beasts
  A sky beast (D:7)
  An ogre (D:6)
  7 wolves (IceCv)
  3 centaurs
  A phantom (D:4)
  5 kobold brigands
  5 bullfrogs
  Blork the orc (D:5)
  A wyvern zombie (D:8)
  2 necrophages
  A gnoll sergeant (D:6)
  4 scorpions
  13 wights
  Dowan (D:5)
  18 killer bees
  4 howler monkeys
  2 centaur zombies (D:8)
  2 hounds
  2 jellies
  4 orc priests
  Crazy Yiuf (D:6)
  2 iguanas (D:7)
  3 gnoll boudas
  Terence (D:2)
  4 orc wizards
  4 hell rats (D:5)
  2 mummies (D:8)
  Robin (D:4)
  A howler monkey zombie (D:8)
  8 gnolls
  16 adders
  20 river rats
  A shadow imp (D:5)
  2 white imps
  4 worms
  61 orcs
  8 ball pythons
  9 endoplasms
  4 giant cockroaches
  13 goblins
  7 hobgoblins
  4 jackals (D:5)
  4 quokkas
  4 bats
  3 frilled lizards
  24 kobolds
  8 rats
374 creatures vanquished.

Vanquished Creatures (collateral kills)
  A centaur warrior (D:10)
  A death yak (IceCv)
  An ugly thing (D:10)
  A polar bear (IceCv)
  A wraith (D:9)
  A black bear (D:7)
  A gnoll bouda (D:7)
7 creatures vanquished.

Vanquished Creatures (others)
  A wyvern zombie (D:8)
  A human zombie (D:8)
  41 plants
43 creatures vanquished.

Grand Total: 424 creatures vanquished

Notes
Turn   | Place    | Note
-------+----------+-------------------------------------------
     0 | D:1      | theswoord the Naga Ice Elementalist began the quest for the
                  | Orb.
     0 | D:1      | Reached XP level 1. HP: 15/15 MP: 3/3
   310 | D:1      | Reached XP level 2. HP: 22/22 MP: 5/5
  1040 | D:2      | Identified a scroll of acquirement
  1040 | D:2      | Acquired a +3 halberd of protection
  1079 | D:2      | Reached XP level 3. HP: 15/28 MP: 6/6
  1083 | D:2      | Learned a level 3 spell: Frozen Ramparts
  1271 | D:2      | Noticed Terence
  1289 | D:2      | Reached skill level 5 in Ice Magic
  1295 | D:2      | Killed Terence
  1296 | D:2      | Reached XP level 4. HP: 25/36 MP: 1/8
  1296 | D:2      | Found a shimmering altar of Xom.
  2465 | D:3      | Learned a level 3 spell: Ozocubu's Armour
  2528 | D:3      | Found a broken altar of Ashenzari.
  2713 | D:3      | Found a snail-covered altar of Cheibriados.
  2800 | D:3      | Became a worshipper of Cheibriados the Contemplative
  2989 | D:3      | Noticed a moth of wrath
  2992 | D:3      | Found a bloodstained altar of Trog.
  3002 | D:3      | Reached XP level 5. HP: 38/42 MP: 5/9
  3012 | D:3      | HP: 1/42 [worm (10)]
  3399 | D:3      | Found a faded altar of an unknown god.
  3517 | D:4      | Found a staircase to the Ecumenical Temple.
  3712 | D:4      | Noticed Robin
  3719 | D:4      | Reached * piety under Cheibriados
  3730 | D:4      | Killed Robin
  4117 | D:4      | Found Yngoinun's Vocational Training.
  4223 | D:4      | Found a burning altar of Makhleb.
  4230 | D:4      | Found Ruewk's Jewellery Shoppe.
  4303 | D:4      | Reached skill level 6 in Ice Magic
  4325 | D:4      | Reached XP level 6. HP: 44/49 MP: 0/11
  4677 | D:5      | Entered Level 5 of the Dungeon
  4736 | D:5      | Found a glowing drain.
  4752 | D:5      | Reached ** piety under Cheibriados
  4753 | D:5      | Reached skill level 7 in Ice Magic
  4753 | D:5      | Reached XP level 7. HP: 56/56 MP: 11/13
  4760 | Sewer    | Entered a sewer
  4816 | Sewer    | Reached skill level 1 in Fighting
  4816 | Sewer    | Reached skill level 1 in Invocations
  5586 | D:5      | Noticed Blork the orc
  5593 | D:5      | Noticed Duvessa
  5598 | D:5      | Noticed Dowan
  5600 | D:5      | Killed Blork the orc
  5600 | D:5      | Reached *** piety under Cheibriados
  5604 | D:5      | Killed Duvessa
  5605 | D:5      | Reached XP level 8. HP: 65/68 MP: 12/15
  5609 | D:5      | Killed Dowan
  5929 | D:5      | Found Zin's Purification Station.
  5931 | D:5      | Found a glowing silver altar of Zin.
  6127 | D:5      | Reached skill level 5 in Spellcasting
  6178 | D:5      | Reached **** piety under Cheibriados
  6369 | D:5      | Found the +2 ratskin cloak {*Rats rPois rN+ Str-1 Int-1
                  | Dex+1}
  6675 | D:6      | Learned a level 4 spell: Hailstorm
  6678 | D:6      | Found Labosaole's Book Boutique.
  6879 | D:6      | Reached skill level 8 in Ice Magic
  7301 | D:6      | Reached XP level 9. HP: 78/78 MP: 17/17
  7398 | D:6      | Found a runed translucent door.
  7399 | D:6      | Noticed Crazy Yiuf
  7447 | D:6      | Found a large runed translucent door.
  7448 | D:6      | Found a large runed translucent door.
  7575 | D:6      | Found an ornate altar of the Wu Jian Council.
  7578 | D:6      | Found an opulent altar of Gozag.
  7827 | D:6      | Killed Crazy Yiuf
  7828 | D:6      | Reached skill level 5 in Invocations
  8086 | D:7      | Noticed a gargoyle
  8107 | D:7      | Killed a gargoyle
  8108 | D:7      | Reached skill level 5 in Fighting
  8346 | D:7      | Noticed a troll
  8353 | D:7      | Killed a troll
  8354 | D:7      | Reached skill level 9 in Ice Magic
  8442 | D:7      | Found a glowing golden altar of the Shining One.
  8486 | D:7      | Reached ***** piety under Cheibriados
  8525 | D:7      | Noticed Joseph
  8533 | D:7      | Reached XP level 10. HP: 74/91 MP: 20/20
  8534 | D:7      | Killed Joseph
  9121 | D:8      | Identified the +9 war axe "Pequuklo" {vamp, rElec Int+2
                  | SInv}
  9263 | D:8      | Found a hide-covered altar of Uskayaw.
  9266 | D:8      | Noticed a +0 dagger
  9266 | D:8      | Noticed a +0 hand axe
  9292 | D:8      | Reached skill level 10 in Ice Magic
  9582 | D:6      | Bought a book of Winter for 340 gold pieces
  9588 | D:6      | Learned a level 5 spell: Metabolic Englaciation
  9673 | D:8      | Found a radiant altar of Vehumet.
 10011 | D:8      | Found a basalt altar of Yredelemnul.
 10035 | D:8      | Reached ****** piety under Cheibriados
 10152 | D:9      | Reached XP level 11. HP: 100/100 MP: 17/22
 10445 | D:9      | Identified the +1 leather armour "Efosetia" {Fly Dex+4}
 10581 | D:9      | Found a staircase to the Orcish Mines.
 10897 | D:10     | Entered Level 10 of the Dungeon
 10958 | D:10     | Found Ocoexug's Antique Weapon Shop.
 10964 | D:10     | Found Hyjacs's Jewellery Boutique.
 10985 | D:10     | Learned a level 6 spell: Simulacrum
 11288 | D:10     | Found Rutunt's Magic Scroll Shop.
 11427 | D:10     | Found a sacrificial altar of Ru.
 11498 | D:10     | Noticed a boulder beetle
 11498 | D:10     | Noticed a centaur warrior
 11498 | D:10     | Noticed a green ugly thing
 11498 | D:10     | Noticed a centaur warrior
 11623 | D:10     | Killed a centaur warrior
 11629 | D:10     | Killed a boulder beetle
 11709 | D:10     | Identified the ring "Ulat" {Wiz rElec rF++ Dex+4}
 11719 | D:10     | Killed a centaur warrior
 11724 | D:10     | Killed a green ugly thing
 11725 | D:10     | Reached skill level 11 in Ice Magic
 11776 | D:10     | Noticed a yaktaur captain
 11778 | D:10     | Noticed a deep elf knight
 11781 | D:10     | Killed a deep elf knight
 11787 | D:10     | Killed a yaktaur captain
 11791 | D:10     | Identified the +0 pair of gloves of Wegysaot {rPois rCorr
                  | Int+4}
 11793 | D:10     | Identified the amulet of Zesurph {Faith rPois Str+3}
 12016 | D:10     | Found Gepaum's Antique Armour Emporium.
 12156 | D:11     | Found Emoch's General Store.
 12193 | D:11     | Noticed an oklob plant
 12280 | D:11     | Noticed a seven-headed hydra
 12286 | D:11     | Noticed Fannar
 12465 | Orc:1    | Entered Level 1 of the Orcish Mines
 12514 | Orc:1    | Reached XP level 12. HP: 111/112 MP: 22/25
 12532 | Orc:1    | Noticed an orc warlord
 12541 | Orc:1    | Reached skill level 1 in Conjurations
 12549 | Orc:1    | Killed an orc warlord
 12554 | Orc:1    | Noticed an orc warlord
 12569 | Orc:1    | Killed an orc warlord
 12894 | D:11     | Noticed Erolcha
 12908 | D:11     | Killed Erolcha
 13145 | D:11     | Found a staircase to the Lair.
 13202 | Lair:1   | Entered Level 1 of the Lair of Beasts
 13271 | Lair:1   | Found a frozen archway.
 13293 | IceCv    | Entered an ice cave
 13300 | IceCv    | Reached skill level 12 in Ice Magic
 13303 | IceCv    | Reached skill level 10 in Spellcasting
 13377 | IceCv    | Noticed a death yak
 13383 | IceCv    | Reached skill level 10 in Fighting
 13390 | IceCv    | Killed a death yak
 13489 | IceCv    | Noticed a death yak
 13492 | IceCv    | Noticed a death yak
 13513 | IceCv    | Killed a death yak
 13515 | IceCv    | Killed a death yak
 13516 | IceCv    | Reached skill level 5 in Conjurations
 13804 | IceCv    | Noticed a frost giant
 13806 | IceCv    | Noticed a death yak
 13809 | IceCv    | Gained mutation: You can use your snake-like lower body to
                  | constrict enemies. [Naga growth]
 13809 | IceCv    | Reached XP level 13. HP: 123/123 MP: 22/27
 13850 | IceCv    | Gained mutation: You are clumsy. (Dex -2) [potion of
                  | mutation]
 13859 | IceCv    | HP: 6/124 [frost giant/+2 battleaxe of freezing (7)]
 13861 | IceCv    | Killed from afar by a frost giant

Skill      XL: |  1  2  3  4  5  6  7  8  9 10 11 12 |
---------------+-------------------------------------+-----
Ice Magic      | 5 6 7 8 9 10 11 12 | 12.4
Spellcasting   | 3 4 5 6 7 9 10 | 10.4
Fighting       | 2 4 5 7 8 10 | 10.4
Invocations    | 2 4 6 8 9 |  9.6
Conjurations   | 5 |  5.3
Dodging        | |  1.5
Stealth        | |  3.0

Action                   |  1- 3 |  4- 6 |  7- 9 | 10-12 | 13-15 || total
-------------------------+-------+-------+-------+-------+-------++-------
Melee: Unarmed           |     3 |       |       |       |       ||     3
       Dagger            |    11 |       |       |       |       ||    11
       Halberd           |    26 |    32 |    64 |   240 |       ||   362
       Staff             |       |    72 |    41 |    99 |     8 ||   220
       Punch             |       |     3 |     2 |     3 |     1 ||     9
       War axe           |       |       |       |       |     6 ||     6
       Constrict         |       |       |       |       |     2 ||     2
 Cast: Freeze            |    20 |    30 |    28 |    44 |     1 ||   123
       Frozen Ramparts   |     2 |    11 |    33 |    46 |     1 ||    93
       Ozocubu's Armour  |       |     2 |     6 |    21 |       ||    29
       Hailstorm         |       |       |     2 |     6 |       ||     8
       Metabolic Englaci |       |       |       |     6 |     2 ||     8
Invok: Slouch            |       |       |       |     8 |     1 ||     9
       Step From Time    |       |       |       |       |     1 ||     1
 Abil: Spit Poison       |       |       |       |     1 |     1 ||     2
  Use: Scroll            |     5 |     6 |     9 |    15 |       ||    35
       Potion            |       |     1 |     3 |    11 |     5 ||    20
 Stab: Sleeping          |     1 |     3 |     3 |     7 |       ||    14
       Distracted        |       |       |     1 |     1 |     1 ||     3
       Invisible         |       |       |       |     1 |       ||     1
Armor: Robe              |    20 |    50 |    61 |       |       ||   131
       Troll leather arm |       |       |     6 |   333 |     9 ||   348
Dodge: Dodged            |    36 |    73 |    84 |   312 |    13 ||   518

Levels and vault maps discovered:
D:1:      matt_arrival_spirals, layout_rooms, amethyst_killhole,
          wander_ebering_terrifying_dragon_lair
D:2:      layout_basic, basic_altar, uniq_terence
D:3:      layout_loops_ring, lemuel_crystal_altar, tgw_trog,
          nicolae_ashenzari_skybound, hellmonk_ecumenical_altar_zigzags
D:4:      layout_cave_pools, lemuel_round_altar,
          minmay_temple_entry_purple_smoke, serial_shops, shop_fountains,
          nicolae_shop_vocational, uniq_robin
D:5:      wander_guarded_unrand_ratskin, layout_gridville, zin_purify,
          gup_sewer_entry_glass, serial_bayou, serial_bayou_pond_c,
          serial_bayou_pond_a, serial_bayou_shore_a, serial_bayou_pond_d,
          serial_bayou_shore_b, nicolae_elevator_lobby_asterisk,
          uniq_blork_the_orc, uniq_duvessa
D:6:      layout_loops_corners, jmf_multi_god_temple2, serial_shops,
          nicolae_diamond_shop, grunt_ministairs_10, uniq_crazy_yiuf_cottage
D:7:      minmay_slanted_spiral_squares, layout_loops_ring, tso_oasis_becter,
          uniq_joseph
D:8:      layout_loops_ring, dancing_weapons_uskayaw, fiery_altar_vehumet,
          lemuel_mausoleum_altar_yredelemnul, dreamdust_gnoll_shepherd
D:9:      layout_roguey, hiddenorc1_lemuel, grunt_decor_mini_mirrors
D:10:     minmay_shrinking_squares, layout_irregular_city,
          mainiacjoe_overflow_tiny_flanked, serial_co_window_serial,
          co_window_cross_1, co_window_corner_a, co_window_paths_b,
          co_window_corner_a, co_window_cross_1, co_window_corner_ca,
          co_window_paths_c, co_window_corner_b, co_window_broadway_b,
          co_window_unsneaky_path_e, co_window_broadway_c,
          co_window_of_opportunity_b, glass_columns_b, serial_shops, shop,
          nicolae_stop_n_shop_2, shop, nicolae_shop_window_shopping
D:11:     layout_roguey, dpeg_oklobed_lair, serial_shops, nicolae_stop_n_shop_1,
          uniq_fannar, uniq_erolcha
Lair:1:   layout_small_grid, portal_ice_cave_rime
Orc:1:    layout_diamond_mine, nooodl_orcs_dogs
IceCv:    ice_cave_small_giant
